AoeStats
← 玩印度的哥们硬不起来

Lombardia

509123369Analyzed
4v4 RM · 7d ago on Sep 25, 2026· 18m 27s· 8 players
Game mode
Random Map
Map size
Large (8 player)
Population
200
Speed
Normal
Resources
Standard
Victory
Conquest
Starting age
Dark Age
Ending age
Imperial Age
RankedLock teamsTeams togetherTeam positionsShared explorationLock speedFull tech treeHidden civsTurbo modeCheats
Victory
Defeat
🇲🇽 Saracens · Mexico
1567
+14
🇨🇳 Mongols · China
1559
+14
🇦🇷 Gurjaras · Argentina
1541
+15
1423
+20
🇨🇳 Teutons · China
1558
-17
🇫🇷 Huns · France
1531
-16
1506
-15
🇨🇳 Saxons · China
1493
-15
丙酮酸嗦话梅
6:43 Loom
9:11 Feudal Age
10:02 Double-Bit Axe
11:24 Horse Collar
17:59 Castle Age
Jambonbeurre
10:49 Feudal Age
14:31 Castle Age
12:58 Double-Bit Axe
12:56 Horse Collar
13:03 Loom
15:46 Bow Saw
儒门_重农抑商
6:43 Loom
9:20 Feudal Age
9:59 Double-Bit Axe
15:57 Fletching
微变等效电路法
2:38 Loom
10:25 Feudal Age
12:12 Loom
15:00 Castle Age
13:05 Double-Bit Axe
18:33 Horse Collar
Ferpo
4:15 Loom
10:59 Feudal Age
12:20 Double-Bit Axe
14:50 Castle Age
13:09 Horse Collar
玩印度的哥们硬不起来
8:15 Loom
8:22 Loom
10:35 Feudal Age
11:10 Double-Bit Axe
17:24 Castle Age
16:02 Horse Collar
18:31 Bow Saw
18:24 Heavy Plow
[QHB]Hammer warriors
5:34 Loom
9:25 Feudal Age
9:58 Horse Collar
10:20 Double-Bit Axe
12:27 Bloodlines
19:11 Castle Age
18:15 Gold Mining
[QHB] Tony
5:03 Loom
7:40 Feudal Age
8:26 Double-Bit Axe
13:09 Horse Collar
19:54 Castle Age
Connection lost

Rejoining the realm…

Still unreachable

The connection could not be restored.

Session expired

The server has moved on; the page needs a fresh start.